 Dungeon Crawl Stone Soup version 0.22-a0-448-g1fb7470 (webtiles) character file.

149 Hook the Vexing (level 5, -1/30 HPs)
             Began as a Kobold Arcane Marksman on June 4, 2018.
             Was an Initiate of Qazlal.
             Slain by a fire vortex (19 damage)
             ... summoned by miscasting Inner Flame
             ... on level 3 of the Dungeon.
             The game lasted 00:09:24 (3046 turns).

Hook the Vexing (Kobold Arcane Marksman)            Turns: 3046, Time: 00:09:25

Health: -1/30      AC:  4    Str:  8    XL:     5   Next: 57%
Magic:  9/17       EV: 15    Int: 15    God:    Qazlal [......]
Gold:   78         SH:  0    Dex: 15    Spells: 2/8 levels left

rFire    . . .     SeeInvis .   a - +0 hand crossbow
rCold    . . .     Gourm    .   (shield restricted)
rNeg     . . .     Faith    .   k - +1 leather armour (curse)
rPois    .         Spirit   .   (no helmet)
rElec    .         Reflect  .   (no cloak)
rCorr    .         Harm     .   (no gloves)
MR       .....                  (no boots)
Stlth    +.........             (no amulet)
HPRegen  0.10/turn              i - ring of magical power
MPRegen  0.15/turn              (no ring)

@: very slightly contaminated
A: small, carnivore
a: Renounce Religion


You were on level 3 of the Dungeon.
You worshipped Qazlal.
Qazlal was noncommittal.
You were not hungry.

You visited 1 branch of the dungeon, and saw 3 of its levels.

You collected 78 gold pieces.

Inventory:

Hand Weapons
 a - a +0 hand crossbow (weapon)
Missiles
 b - 56 arrows
 d - 47 bolts (quivered)
 j - 64 stones
 l - 16 poisoned needles
Armour
 e - a +0 robe
 k - a cursed +1 leather armour (worn)
Jewellery
 i - a ring of magical power (left hand)
Scrolls
 g - a scroll of enchant armour
 n - 4 scrolls of identify
 q - 2 scrolls of remove curse
 r - 2 scrolls of fog {unknown}
 s - a scroll of teleportation {unknown}
 t - a scroll of immolation {unknown}
Potions
 h - a potion of lignification {unknown}
 m - a potion of curing {unknown}
 o - a potion of magic {unknown}
 p - a potion of heal wounds {unknown}
Comestibles
 f - 6 rations


   Skills:
 + Level 1.6 Fighting
 + Level 3.6 Crossbows
 + Level 0.1 Armour
 * Level 3.3 Dodging
 + Level 0.2 Stealth
 * Level 2.3 Spellcasting
 + Level 4.1 Hexes


You had 2 spell levels left.
You knew the following spells:

 Your Spells              Type           Power        Failure   Level  Hunger
a - Corona                Hex            ##.....      5%          1    #......
b - Slow                  Hex            ##......     9%          2    ###....
c - Inner Flame           Hex/Fire       #.......     36%         3    ###....

Your spell library contained the following spells:

 Spells                   Type           Power        Failure   Level  Hunger
 Cause Fear               Hex            ##........   50%         4    #####..
 Portal Projectile        Hex/Tloc       #.....       36%         3    ###....
 Leda's Liquefaction      Hex/Erth       #.........   78%         4    #####..


Dungeon Overview and Level Annotations

Branches:
Dungeon (3/15)

Altars:
Ashenzari
Elyvilon
Qazlal


Innate Abilities, Weirdness & Mutations

You are small and have problems with some larger weapons.
You are carnivorous and can eat meat at any time.


Message History

Confirm with . or Enter, or press ? or * to list all spells.
Aiming: Inner Flame (slightly dangerous; 36% risk of failure)
Press: ? - help, Shift-Dir - straight line, f - orc
Aim: an orc, wielding a flail (chance to defeat MR: 71%)
The orc struggles to resist.
The orc priest casts a cantrip, but nothing happens.
Casting: Inner Flame (slightly dangerous; 36% risk of failure)
Confirm with . or Enter, or press ? or * to list all spells.
Aiming: Inner Flame (slightly dangerous; 36% risk of failure)
Press: ? - help, Shift-Dir - straight line, f/p - orc
Aim: an orc, wielding a flail (chance to defeat MR: 71%)
You miscast Inner Flame.
You are very lightly contaminated with residual magic.
Fire whirls out from your hands! 2 fire vortices come into view.
The orc priest mumbles some strange prayers to Beogh against you.
Beogh smites you! The fire vortex hits you. The fire vortex burns you!
Ouch! That really hurt!
You die...

# .#. #. ### ...
#.. ..# ..# #...
#.# #.#
#...v#####o##.#
#...@.§§§o..###.#
#.######§#o...g.#
#.<# #...o.o#
#......# #.......
#..o...#
........#
####.###.


You could see a fire vortex, an orc priest, an orc wizard and an orc.

Vanquished Creatures
  An orc priest (D:2)
  3 adders (D:2)
  4 gnolls (D:2)
  2 oozes
  A dart slug (D:1)
  A leopard gecko (D:1)
  4 orcs
  2 giant cockroaches
  3 goblins
  5 hobgoblins
  4 jackals
  A quokka (D:2)
  2 bats
  2 frilled lizards
  3 kobolds
  5 rats
43 creatures vanquished.

Notes
Turn   | Place    | Note
-------+----------+-------------------------------------------
     0 | D:1      | Hook the Kobold Arcane Marksman began the quest for the Orb.
     0 | D:1      | Reached XP level 1. HP: 12/12 MP: 2/2
   242 | D:1      | Reached XP level 2. HP: 16/16 MP: 3/3
  1143 | D:2      | Found a shattered altar of Ashenzari.
  1175 | D:2      | Reached XP level 3. HP: 20/20 MP: 4/4
  1309 | D:2      | Found a stormy altar of Qazlal.
  1311 | D:2      | Noticed a fire elemental
  1311 | D:2      | Noticed an earth elemental
  1312 | D:2      | Noticed a water elemental
  1312 | D:2      | Noticed an air elemental
  1323 | D:2      | Became a worshipper of Qazlal Stormbringer
  1393 | D:2      | Reached XP level 4. HP: 24/25 MP: 6/6
  1720 | D:2      | Learned a level 2 spell: Slow
  1790 | D:2      | Reached skill level 4 in Hexes
  2286 | D:2      | Reached XP level 5. HP: 29/29 MP: 7/7
  2809 | D:2      | Learned a level 3 spell: Inner Flame
  2935 | D:2      | Found a white marble altar of Elyvilon.
  3046 | D:3      | Slain by a fire vortex

Vault maps used:
D:1:      saegor_arrival_simple_b, serial_forest, infiniplex_forest_clump_long,
          infiniplex_forest_clump_medium, infiniplex_forest_zigzag_1,
          infiniplex_forest_zigzag_1, infiniplex_forest_lined_room_2,
          infiniplex_forest_clump_C, infiniplex_forest_clump_diagonal,
          infiniplex_forest_fountain
D:2:      lemuel_doored_altar, lemuel_round_altar,
          nicolae_qazlal_style_of_elements
D:3:      first_ration

Skill      XL: |  1  2  3  4  5 |
---------------+----------------+-----
Crossbows      | 3 |  3.6
Dodging        | 3 |  3.3
Hexes          | 4 |  4.1
Spellcasting   | 2 |  2.3
Fighting       | |  1.6
Armour         | |  0.1
Stealth        | |  0.2

Action                   |  1- 3 |  4- 6 || total
-------------------------+-------+-------++-------
Melee: Unarmed           |       |     4 ||     4
 Fire: Hand crossbow     |    49 |    83 ||   132
Throw: Throwing net      |       |     1 ||     1
 Cast: Corona            |    12 |    16 ||    28
       Slow              |       |    11 ||    11
       Inner Flame       |       |     2 ||     2
  Use: Scroll            |       |     2 ||     2
  Eat: Chunk             |     4 |     3 ||     7
       Ration            |       |     1 ||     1
Armor: Robe              |     2 |       ||     2
       Leather armour    |       |    20 ||    20
Dodge: Dodged            |    10 |    43 ||    53

Table legend:
 A = Spawn XP
 B = Non-spawn XP
 C = Spawn XP percentage of total XP
 D = Spawn monster count
 E = Non-spawn monster count
 F = Spawn count percentage of total count
 G = Total turns spent on level
                    A         B        C        D         E        F      G
               +---------+---------+-------+---------+---------+-------+---------
         Total |       0 |     214 |   0.0 |       0 |      43 |   0.0 |  3046
               +---------+---------+-------+---------+---------+-------+---------
           D:1 |       0 |      28 |   0.0 |       0 |      12 |   0.0 |  1207
           D:2 |       0 |     183 |   0.0 |       0 |      30 |   0.0 |  1831
           D:3 |       0 |       3 |   0.0 |       0 |       1 |   0.0 |     8
               +---------+---------+-------+---------+---------+-------+---------
